 Dungeon Crawl Stone Soup version 0.17-a0-1575-g9a29ec8 (webtiles) character file.

733 karlkraus the Shield-Bearer (level 7, -2/62 HPs)
             Began as a Minotaur Fighter on July 26, 2015.
             Killed by divine providence
             ... invoked by an orc priest
              (9 damage)
             ... on level 6 of the Dungeon.
             The game lasted 00:14:55 (4847 turns).

karlkraus the Shield-Bearer (Minotaur Fighter)      Turns: 4847, Time: 00:14:55

Health: -2/62      AC: 22    Str: 22    XL:     7   Next: 45%
Magic:  6/6        EV:  7    Int:  5    God:
Gold:   343        SH: 10    Dex: 10    Spells: 0 memorised, 6 levels left

rFire  . . .     SeeInvis .     n - +1 flail (protect)
rCold  . . .     Clarity  .     i - +0 chain mail {rPois}
rNeg   + . .     SustAt   .     c - +0 shield
rPois  +         Gourm    .     (helmet restricted)
rElec  .         Spirit   .     (no cloak)
rCorr  .         Warding  +     t - +2 pair of gloves
rMut   .         Stasis   .     (no boots)
MR     .....                    f - amulet of warding
Stlth  ..........               (no ring)
                                j - +4 ring of protection

@: not resistant to hostile enchantments, extremely unstealthy
A: retaliatory headbutt, horns 2
a: no special abilities


You were on level 6 of the Dungeon.
You were not hungry.

You visited 2 branches of the dungeon, and saw 7 of its levels.

You collected 343 gold pieces.

Inventory:

Hand weapons
 a - a +0 war axe
 n - a +1 flail of protection (weapon)
Armour
 c - a +0 shield (worn)
 i - a +0 chain mail of poison resistance (worn)
 t - a +2 pair of gloves (worn)
Jewellery
 f - an amulet of warding (around neck)
 j - a +4 ring of protection (left hand)
 o - an uncursed ring of protection from cold {unknown}
Magical devices
 A - a wand of fire (4)
Scrolls
 l - a scroll of recharging
 m - 2 scrolls of fear
 x - 2 scrolls of fog
 y - a scroll of teleportation
 z - a scroll of identify
 B - a scroll of acquirement {unknown}
 C - a scroll of remove curse
Potions
 b - a potion of poison {unknown}
 g - 2 potions of degeneration {unknown}
 h - 2 potions of curing {unknown}
 k - a potion of lignification {unknown}
 p - a potion of brilliance {unknown}
 r - 2 potions of mutation {unknown}
 s - a potion of flight {unknown}
 u - a potion of invisibility {unknown}
 v - 2 potions of agility
 w - a potion of magic
 D - a potion of haste {unknown}
Comestibles
 d - a beef jerky
 e - 4 bread rations
 q - 2 meat rations


   Skills:
 + Level 5.7 Fighting
 + Level 5.1(5.2) Axes
 + Level 1.6(3.6) Maces & Flails
 + Level 5.2 Armour
 + Level 3.4 Dodging
 + Level 0.6 Stealth
 + Level 5.8 Shields


You had 6 spell levels left.
You didn't know any spells.

Dungeon Overview and Level Annotations

Branches:
Dungeon (6/15)             Temple (1/1) D:4

Altars:
Ashenzari
Cheibriados
Dithmenos
Elyvilon
Fedhas
Gozag
Kikubaaqudgha
Okawaru
Ru
Sif Muna
Trog
Vehumet
Yredelemnul
The Shining One

Shops:
D:4 (%[(


Innate Abilities, Weirdness & Mutations

You reflexively headbutt those who attack you in melee.
You have a pair of horns on your head.


Message History

The orc hits you but does no damage. The orc priest hits you.
The orc hits you but does no damage.
You hit the orc priest but do no damage.
The orc priest is lightly wounded.
The orc priest mumbles some strange prayers to Beogh against you.
Something smites you!
* * * LOW HITPOINT WARNING * * *
You block the orc's attack.
The orc warrior hits you but does no damage.
You block the orc priest's attack.
The orc priest mumbles some strange prayers to Beogh against you.
Something smites you!
* * * LOW HITPOINT WARNING * * *
You hear a loud, deep croak!
You block the orc's attack.
A giant frog comes into view.
You block the orc warrior's attack.
The orc priest mumbles some strange prayers to Beogh against you.
Something smites you!
You die...

.# #..## #.##...##
#......# ##.....# #......#
#......# ...##$....###
......)....o####
..(.......o.o@.#### ####
..........####....#####..#
.........## ####..>.#..##
#.......## #########....#
##.....## ##...........##
##...# #.............#
#..# #..........#..#
##.........###.#
#.........## #.##


You could see an orc warrior, an orc priest and an orc.

Vanquished Creatures
  3 ogres
  A scorpion (D:4)
  An iguana (D:4)
  An orc priest (D:4)
  Terence (D:2)
  3 worker ants
  A hound zombie (D:5)
  2 worker ant zombies
  7 adders
  4 gnolls (D:4)
  A shadow imp (D:5)
  2 oozes
  4 worms
  4 giant geckos
  14 orcs
  2 bat skeletons (D:4)
  4 giant cockroaches
  8 goblins
  5 hobgoblins
  5 jackals
  10 kobolds
  A quokka (D:5)
  A ball python (D:2)
  9 bats
  7 giant newts
  A quokka skeleton (D:4)
  17 rats
119 creatures vanquished.

Notes
Turn   | Place    | Note
--------------------------------------------------------------
     0 | D:1      | karlkraus the Minotaur Fighter began the quest for the Orb.
     0 | D:1      | Reached XP level 1. HP: 19/19 MP: 0/0
   162 | D:1      | Reached XP level 2. HP: 27/27 MP: 1/1
   217 | D:1      | Reached skill level 4 in Armour
   771 | D:2      | Found an opulent altar of Gozag.
   803 | D:2      | Reached XP level 3. HP: 28/33 MP: 2/2
  1097 | D:2      | Noticed a moth of wrath
  1100 | D:2      | Found a bloodstained altar of Trog.
  1476 | D:2      | Noticed Terence
  1490 | D:2      | Killed Terence
  1490 | D:2      | Reached skill level 1 in Dodging
  1490 | D:2      | Reached XP level 4. HP: 35/40 MP: 3/3
  1933 | D:3      | Noticed an ogre
  1938 | D:3      | Killed an ogre
  1938 | D:3      | Reached XP level 5. HP: 24/47 MP: 4/4
  1965 | D:3      | Found a sacrificial altar of Ru.
  2184 | D:3      | Noticed an ogre
  2189 | D:3      | Killed an ogre
  2189 | D:3      | Reached skill level 5 in Shields
  2189 | D:3      | Reached XP level 6. HP: 45/55 MP: 5/5
  2218 | D:3      | Found an iron altar of Okawaru.
  2393 | D:3      | Reached skill level 5 in Fighting
  2670 | D:4      | Found Kaup's Armour Shop.
  2682 | D:4      | Found a staircase to the Ecumenical Temple.
  2695 | Temple   | Entered the Ecumenical Temple
  2886 | D:4      | Found Careig's Weapon Boutique.
  3033 | D:4      | Reached skill level 5 in Armour
  3120 | D:4      | Found Risuho's Antique Weapon Shop.
  3190 | D:4      | Reached skill level 5 in Axes
  3272 | D:4      | Reached skill level 1 in Maces & Flails
  3272 | D:4      | Reached XP level 7. HP: 44/61 MP: 6/6
  3379 | D:4      | Found Miyggec's Food Shop.
  3867 | D:5      | Entered Level 5 of the Dungeon
  4217 | D:5      | Found a shattered altar of Ashenzari.
  4323 | D:5      | Found a glowing golden altar of the Shining One.
  4323 | D:5      | Found a white marble altar of Elyvilon.
  4324 | D:5      | Found a blossoming altar of Fedhas.
  4847 | D:6      | Killed from afar by an orc priest

Vault maps used:
D:1:      lemuel_arrival_rhombus
D:2:      nicolae_gozag_seed_capital, tgw_trog, uniq_terence
D:3:      okawaru_gym_becter, nicolae_ru_the_path_less_chosen
D:4:      minmay_temple_entry_statues_pillars, first_bread, serial_shops,
          nicolae_shop_statue_plus, shop_coins, nicolae_shop_behind_doors,
          nicolae_shop_trees
D:5:      ashenzari_altar_1, gammafunk_temple_overflow_forgotten
D:6:      bloody_makhleb, nicolae_tso_besieged_by_evil, uniq_pikel,
          uniq_prince_ribbit1, uniq_duvessa
Temple:   circular_temple_6

Action                   |  1- 3 |  4- 6 |  7- 9 || total
-------------------------+-------+-------+-------++-------
Melee: War axe           |    94 |    78 |       ||   172
       Flail             |       |    80 |    63 ||   143
  Use: Scroll            |     1 |       |     9 ||    10
       Potion            |     1 |       |       ||     1
  Eat: Chunk             |     1 |     2 |     3 ||     6
       Meat ration       |       |     1 |       ||     1
       Beef jerky        |       |     1 |       ||     1
